 Seeded DCSS version 0.29-a0-91-gdebf4667c2 (webtiles) character file.

Game seed: 310305651185892170 (custom seed)

2072 innerfire433 the Basher (level 9, -1/82 HPs)
             Began as a Minotaur Gladiator on Feb 8, 2022.
             Was a Follower of Cheibriados.
             Shot with an arrow by a centaur (10 damage)
             ... on level 6 of the Dungeon.
             The game lasted 00:08:34 (6205 turns).

innerfire433 the Basher (Minotaur Gladiator)        Turns: 6205, Time: 00:08:35

Health: -1/82      AC: 11    Str: 25    XL:     9   Next: 5%
Magic:  8/8        EV: 12    Int:  8    God:    Cheibriados [*.....]
Gold:   264        SH:  5    Dex: 16    Spells: 8/8 levels left

rFire   . . .      SeeInvis .   t - +6 mace (freeze)
rCold   . . .      Faith    .   (no shield)
rNeg    . . .      Spirit   .   h - +0 ring mail
rPois   .          Reflect  +   c - +0 hat
rElec   .          Harm     .   s - +0 cloak
rCorr   .          Rampage  .   (no gloves)
Will    .....                   l - +0 pair of boots
Stlth   +.........              n - amulet of reflection
HPRegen 0.23/turn               i - +4 ring of protection
MPRegen 0.11/turn               (no ring)

@: very slow
A: horns 2, retaliatory headbutt
a: Renounce Religion, Bend Time


You were on level 6 of the Dungeon.
You worshipped Cheibriados.
Cheibriados was aware of your devotion.
You visited 1 branch of the dungeon, and saw 6 of its levels.

You collected 264 gold pieces.

Inventory:

Hand Weapons
 a - a +0 quarterstaff
 r - a +2 quarterstaff of chaos
 t - a +6 mace of freezing (weapon)
Missiles
 d - 3 throwing nets (quivered)
Armour
 b - a +0 leather armour
 c - a +0 hat (worn)
 h - a +0 ring mail (worn)
 l - a +0 pair of boots (worn)
 s - a +0 cloak (worn)
Jewellery
 i - a +4 ring of protection (left hand)
 n - an amulet of reflection (around neck)
 p - an amulet of guardian spirit
 u - a ring of magical power
Wands
 f - a wand of mindburst (7)
 x - a wand of iceblast (2)
 y - a wand of paralysis (6)
Scrolls
 e - a scroll of identify
 g - a scroll of amnesia {unknown}
 j - 3 scrolls of teleportation
 k - 3 scrolls of immolation
 o - a scroll of blinking
 z - a scroll of magic mapping
Potions
 m - 2 potions of flight
 q - a potion of heal wounds {unknown}
 v - a potion of invisibility {unknown}
 w - a potion of degeneration {unknown}


   Skills:
 + Level 8.6 Fighting
 * Level 10.4(11.1) Maces & Flails
 - Level 6.1(9.1) Staves
 - Level 2.0 Throwing
 - Level 3.2 Dodging


You had 8 spell levels left.
You didn't know any spells.
Your spell library was empty.

Dungeon Overview and Level Annotations

Branches:
Dungeon (6/15)             Temple (0/1) D:6

Altars:
Cheibriados
Nemelex Xobeh

Shops:
D:2 :(=:[   D:5 *


Innate Abilities, Weirdness & Mutations

You have a pair of horns on your head.
You reflexively headbutt those who attack you in melee.


Message History

The arrow closely misses you.
The centaur shoots an arrow.
The arrow hits you.
The centaur shoots an arrow.
The arrow hits you.
The centaur shoots an arrow.
You reflect the arrow off an invisible shield around you!
The arrow hits the centaur!
The centaur shoots an arrow.
The arrow barely misses you.
The centaur wields a +0 shortbow.
The centaur shoots an arrow.
The arrow barely misses you.
The centaur shoots an arrow.
The arrow hits you but does no damage.
The centaur shoots an arrow.
The arrow misses you.
The centaur shoots an arrow.
The arrow hits you!
The centaur shoots an arrow.
The arrow barely misses you.
The centaur shoots an arrow.
The arrow misses you.
You hear a shout!
The centaur shoots an arrow.
The arrow barely misses you.
The centaur shoots an arrow.
The arrow hits you!
The centaur shoots an arrow.
The arrow hits you but does no damage.
The centaur shoots an arrow.
The arrow hits you.
The centaur shoots an arrow.
The arrow hits you!
The centaur shoots an arrow.
The arrow closely misses you.
The centaur shoots an arrow.
The arrow barely misses you.
The centaur shoots an arrow.
The arrow hits you but does no damage.
The centaur shoots an arrow.
You reflect the arrow off an invisible shield around you!
The arrow hits the centaur.
The centaur shoots an arrow.
The arrow hits you but does no damage.
The centaur shoots an arrow.
The arrow closely misses you.
The centaur shoots an arrow.
The arrow hits you but does no damage.
The centaur shoots an arrow.
You reflect the arrow off an invisible shield around you!
The arrow barely misses the centaur.
The centaur shoots an arrow.
You reflect the arrow off an invisible shield around you!
The arrow hits the centaur!
The centaur shoots an arrow.
The arrow hits you!
* * * LOW HITPOINT WARNING * * *
The centaur shoots an arrow.
You reflect the arrow off an invisible shield around you!
The arrow hits the centaur.
The centaur shoots an arrow.
The arrow hits you but does no damage.
The centaur shoots an arrow.
The arrow hits you but does no damage.
The centaur shoots an arrow.
The arrow hits you but does no damage.
The centaur shoots an arrow.
The arrow hits you!
* * * LOW HITPOINT WARNING * * *
The centaur shoots an arrow.
The arrow hits you!
You die...

≈≈≈≈≈≈. #...≈≈≈≈≈
≈≈≈≈≈≈. #....≈≈≈≈
≈≈≈≈≈≈. #...≈≈≈#
≈≈≈≈≈≈≈.# #cc≈≈≈##
≈≈≈≈≈≈≈.# ##c≈≈≈≈.#
.≈≈≈≈≈≈.####c≈≈≈≈.#
...≈≈≈≈≈)c≈≈≈≈≈≈.##
....≈≈≈≈≈≈≈≈≈≈≈...#
......≈≈≈≈≈≈####@.#
.............#...##
.).............###
.<..)...........#
.........####(..##
..........# ##...#
#.......######..##
###.....# #.....#
.#......# ##...##


You could see 5 centaurs.

Vanquished Creatures
  Grinder (D:6)
  Sigmund (D:2)
  A wraith (D:6)
  A water moccasin (D:4)
  2 ice beasts (D:6)
  2 ogres (D:6)
  2 centaurs (D:6)
  A phantom (D:5)
  A scorpion (D:5)
  A water moccasin zombie (D:6)
  3 wights (D:6)
  An electric eel (D:6)
  A bullfrog zombie (D:6)
  4 hounds
  A gnoll shaman (D:4)
  Crazy Yiuf (D:3)
  An orc priest (D:3)
  A centaur skeleton (D:5)
  An iguana (D:5)
  Jessica (D:2)
  A hound zombie (D:3)
  2 hound skeletons (D:4)
  Robin (D:2)
  5 gnolls
  A howler monkey skeleton (D:6)
  4 adders
  A river rat (D:3)
  An ufetubus (D:5)
  2 worms
  2 dart slugs
  7 orcs
  5 endoplasms
  3 giant cockroaches
  20 goblins
  8 hobgoblins
  10 jackals
  5 kobolds
  7 quokkas
  7 ball pythons
  10 bats
  A frilled lizard (D:2)
  6 rats
137 creatures vanquished.

Notes
Turn   | Place    | Note
-------+----------+-------------------------------------------
     0 | D:1      | innerfire433 the Minotaur Gladiator began the quest for the
                  | Orb.
     0 | D:1      | Reached XP level 1. HP: 18/18 MP: 0/0
   299 | D:1      | Reached skill level 1 in Maces & Flails
   311 | D:1      | Reached XP level 2. HP: 23/25 MP: 1/1
   573 | D:1      | Found a faded altar of an unknown god.
  1256 | D:2      | Reached XP level 3. HP: 31/31 MP: 2/2
  1347 | D:2      | Found Kirap's Book Emporium.
  1410 | D:2      | Noticed Sigmund
  1424 | D:2      | HP: 1/31 [something (4)]
  1425 | D:2      | Killed Sigmund
  1426 | D:2      | Reached skill level 3 in Maces & Flails
  1426 | D:2      | Reached skill level 5 in Staves
  1426 | D:2      | Reached XP level 4. HP: 1/41 MP: 3/3
  1426 | D:2      | Reached XP level 5. HP: 1/47 MP: 4/4
  1789 | D:2      | Noticed Jessica
  1793 | D:2      | Killed Jessica
  1851 | D:2      | Noticed Robin
  1872 | D:2      | Killed Robin
  1939 | D:2      | Found Ipru's Jewellery Boutique.
  1994 | D:2      | Found Regut's Armour Boutique.
  2151 | D:2      | Found Otta's Book Shoppe.
  2219 | D:2      | Found Biehan's Weapon Shop.
  2332 | D:3      | Reached XP level 6. HP: 51/53 MP: 5/5
  2384 | D:3      | Reached skill level 4 in Maces & Flails
  2522 | D:3      | Found a runed translucent door.
  2523 | D:3      | Noticed Crazy Yiuf
  2608 | D:3      | Found a glowing drain.
  2725 | D:3      | Reached skill level 5 in Fighting
  3304 | D:3      | Killed Crazy Yiuf
  3478 | D:4      | Reached skill level 5 in Maces & Flails
  3629 | D:4      | Reached XP level 7. HP: 61/61 MP: 6/6
  4215 | D:4      | Reached skill level 6 in Maces & Flails
  4247 | D:4      | Found a snail-covered altar of Cheibriados.
  4253 | D:4      | Became a worshipper of Cheibriados the Contemplative
  4507 | D:5      | Entered Level 5 of the Dungeon
  4679 | D:5      | Found a sparkling altar of Nemelex Xobeh.
  4719 | D:5      | Found Cstroshes's Commerce Corner.
  4832 | D:5      | Reached skill level 7 in Maces & Flails
  5350 | D:6      | Reached * piety under Cheibriados
  5351 | D:6      | Reached XP level 8. HP: 33/71 MP: 7/7
  5370 | D:6      | Reached skill level 8 in Maces & Flails
  5618 | D:6      | Found a staircase to the Ecumenical Temple.
  5836 | D:6      | Noticed Grinder
  5836 | D:6      | Paralysed by Grinder for 5 turns
  5845 | D:6      | Paralysed by Grinder for 6 turns
  5853 | D:6      | Killed Grinder
  5854 | D:6      | Reached skill level 9 in Maces & Flails
  6062 | D:6      | Reached skill level 10 in Maces & Flails
  6081 | D:6      | Reached XP level 9. HP: 63/82 MP: 8/8
  6205 | D:6      | Shot with an arrow by a centaur

Illustrated notes

Levels and vault maps discovered:
D:1:      matt_arrival_los_fun, layout_basic, ebering_ecumenical_altar_box,
          minmay_pentomino_q2
D:2:      layout_basic, serial_shops, nicolae_shop_hallway_plus, shop,
          nicolae_diamond_shop, nicolae_shop_trees, nicolae_shop_waterfront,
          chequers_serial_rivers_micro_d, uniq_sigmund, uniq_robin, uniq_jessica
D:3:      layout_loops_ring, serial_glass, glass_columns_a, glass_columns_a,
          glass_columns_b, glass_columns_a, glass_columns_a, glass_columns_a,
          item_on_display_a, due_unseen_surprise, gup_sewer_entry_bubbles,
          cheibrodos_gnoll_hut, uniq_crazy_yiuf_cottage
D:4:      layout_loops_cross, mainiacjoe_overflow_six_doors_small, st_stairs_14
D:5:      layout_loops_cross, nemelex_spade_bored_becter, nicolae_alphabet_shops
D:6:      layout_cave_pools, minmay_temple_entry_arrows, roderic_malta_cross,
          kennysheep_cross_bottleneck, centaur_isle, uniq_grinder

Skill      XL: |  1  2  3  4  5  6  7  8 |
---------------+-------------------------+-----
Maces & Flails | 1 3 5 7 10 | 10.4
Staves         | 4 5 6 |  6.1
Fighting       | 3 4 5 6 8 |  8.6
Throwing       | |  2.0
Dodging        | |  3.2

Action                   |  1- 3 |  4- 6 |  7- 9 || total
-------------------------+-------+-------+-------++-------
Melee: Quarterstaff      |    57 |   117 |       ||   174
       Headbutt          |    11 |    17 |    16 ||    44
       Mace              |       |    11 |   111 ||   122
Evoke: Wand              |       |       |     2 ||     2
  Use: Scroll            |       |     5 |     7 ||    12
       Potion            |       |       |     3 ||     3
Armor: Leather armour    |    27 |       |       ||    27
       Ring mail         |       |    66 |    55 ||   121
Dodge: Dodged            |    41 |    60 |    85 ||   186
Block: Other             |       |     5 |    28 ||    33
       Reflection        |       |       |    10 ||    10

Table legend: (Time is in decaauts)
 A = Elapsed time spent in this place.
 B = Non-inter-level travel time spent in this place.
 C = Inter-level travel time spent in this place.
 D = Time resting spent in this place.
 E = Time spent auto-exploring this place.
 F = Levels seen in this place.
 G = Mean time per level.
                   A        B        C        D        E       F      G
               +--------+--------+--------+--------+--------+-----+--------+
         Total |   6615 |   6428 |    187 |      0 |   5490 |   6 | 1102.5 |
       Dungeon |   6615 |   6428 |    187 |      0 |   5490 |   6 | 1102.5 |
               +--------+--------+--------+--------+--------+-----+--------+

Top non-repeatable levels by time:
     D:1: 1254 daAuts
     D:3: 1174 daAuts
     D:4: 1103 daAuts
     D:2: 1069 daAuts
     D:6: 1039 daAuts
     D:5: 973 daAuts
